A- WEST
INLAND EMPIRE 66ERS @ LAKE ELSINORE STORM
07/08/2041
 
TOP OF THE 1ST
Inland Empire 66ers batting - Pitching for Lake Elsinore Storm : RHP Eric McDonald
Pitching: RHP Eric McDonald
Batting: LHB Sergio Aguilar 0-0: Foul Ball, location: 5FF
0-1: Called Strike
0-2: Strikes out swinging
Batting: RHB Manny Alfaro 0-0: Ball
1-0: Called Strike
1-1: Ball
2-1: Foul Ball, location: 3FF
2-2: Foul Ball, location: 9LDF
2-2: SINGLE (Line Drive, 89S, EV 103.1 MPH)
Batting: RHB José Martínez 0-0: Called Strike
0-1: Ball
1-1: Swinging Strike
1-2: Strikes out swinging
Batting: RHB Stan Ross 0-0: Ball
Manny Alfaro is caught stealing 2nd base 2-4
Top of the 1st over - 0 runs, 1 hit, 0 errors, 0 left on base; Inland Empire 0 - Lake Elsinore 0
BOTTOM OF THE 1ST
Lake Elsinore Storm batting - Pitching for Inland Empire 66ers : LHP Raúl Castillo
Pitching: LHP Raúl Castillo
Batting: RHB Renaud Cotichini 0-0: Called Strike
0-1: Ball
1-1: Ground out 5-3 (Groundball, 5, EV 83.8 MPH)
Batting: RHB Mike Picot 0-0: Ball
1-0: Fly out, F9 (Flyball, 9, EV 87.5 MPH)
Batting: SHB Max Bowers 0-0: Foul Ball, location: 2F
0-1: Hit by Pitch
Batting: RHB Rod Roberts 0-0: Called Strike
0-1: Ball
1-1: SINGLE (Groundball, 34D, EV 95.6 MPH)
Max Bowers to second
Runner from 2nd tries for 3rd, SAFE, throw by RF made to third
Batting: RHB Juan Sánchez 0-0: Called Strike
0-1: Foul Ball, location: 3FF
0-2: DOUBLE (Line Drive, 9LM, EV 100.6 MPH)
Max Bowers scores
Rod Roberts to third
Batting: LHB Charlie Fritz 0-0: Ball
1-0: Foul Ball, location: 7LMFF
1-1: Foul Ball, location: 23FF
1-2: Ball
2-2: Foul Ball, location: 2F
2-2: Foul Ball, location: 2F
2-2: Foul Ball, location: 7LMF
2-2: Foul Ball, location: 2F
2-2: Strikes out swinging
Bottom of the 1st over - 1 run, 2 hits, 0 errors, 2 left on base; Inland Empire 0 - Lake Elsinore 1
TOP OF THE 2ND
Inland Empire 66ers batting - Pitching for Lake Elsinore Storm : RHP Eric McDonald
Batting: RHB Stan Ross 0-0: Ball
1-0: Ground out 5-3 (Groundball, 5, EV 109.4 MPH)
Batting: LHB David Pérez 0-0: Called Strike
0-1: Called Strike
0-2: Ball
1-2: Foul Ball, location: 7LDF
1-2: Strikes out swinging
Batting: SHB Chad Mills 0-0: Called Strike
0-1: Ground out 3-1 (Groundball, 34, EV 87.5 MPH)
Top of the 2nd over - 0 runs, 0 hits, 0 errors, 0 left on base; Inland Empire 0 - Lake Elsinore 1
BOTTOM OF THE 2ND
Lake Elsinore Storm batting - Pitching for Inland Empire 66ers : LHP Raúl Castillo
Batting: RHB Josh Thomas 0-0: Ground out 5-3 (Groundball, 56S, EV 83.8 MPH)
Batting: RHB Stu Park 0-0: Ball
1-0: Ball
2-0: Ball
3-0: Base on Balls
Batting: RHB Chris Nichols 0-0: Ball
1-0: DOUBLE (Flyball, 8LXD, EV 104.4 MPH)
Stu Park to third
Throwing error, E8
Stu Park scores
Chris Nichols to third
Batting: RHB Renaud Cotichini 0-0: Called Strike
0-1: Ball
1-1: Called Strike
1-2: Ground out 4-3 (Groundball, 4, EV 105.0 MPH)
Chris Nichols scores
Batting: RHB Mike Picot 0-0: Foul Ball, location: 9LMF
0-1: Ball
1-1: Swinging Strike
1-2: Foul Ball, location: 2F
1-2: Foul Ball, location: 2F
1-2: Foul Ball, location: 9LDF
1-2: Ball
2-2: Foul Ball, location: 2F
2-2: Ball
3-2: Foul Ball, location: 2F
3-2: Foul Ball, location: 2F
3-2: Foul Ball, location: 2F
3-2: Strikes out swinging
Bottom of the 2nd over - 2 runs, 1 hit, 1 error, 0 left on base; Inland Empire 0 - Lake Elsinore 3
TOP OF THE 3RD
Inland Empire 66ers batting - Pitching for Lake Elsinore Storm : RHP Eric McDonald
Batting: RHB Gil Wyatt 0-0: Ball
1-0: Ball
2-0: Called Strike
2-1: Foul Ball, location: 23F
2-2: Foul Ball, location: 2F
2-2: Ball
3-2: Strikes out swinging
Batting: LHB Cristián Reyes 0-0: Foul Ball, location: 2F
0-1: Ball
1-1: Swinging Strike
1-2: Strikes out looking
Batting: RHB Chris Walker 0-0: Ball
1-0: Ball
2-0: Ball
3-0: Base on Balls
Batting: LHB Sergio Aguilar 0-0: Foul Ball, location: 2F
0-1: Foul Ball, location: 2F
0-2: Ball
1-2: Ball
2-2: Ball
3-2: Strikes out looking
Top of the 3rd over - 0 runs, 0 hits, 0 errors, 1 left on base; Inland Empire 0 - Lake Elsinore 3
BOTTOM OF THE 3RD
Lake Elsinore Storm batting - Pitching for Inland Empire 66ers : LHP Raúl Castillo
Batting: SHB Max Bowers 0-0: Ball
1-0: Ball
2-0: Swinging Strike
2-1: Ground out 4-3 (Groundball, 4, EV 108.1 MPH)
Batting: RHB Rod Roberts 0-0: Ball
1-0: Called Strike
1-1: Called Strike
1-2: Foul Ball, location: 7LMF
1-2: Strikes out swinging
Batting: RHB Juan Sánchez 0-0: Foul Ball, location: 2F
0-1: Swinging Strike
0-2: Fly out, F8 (Flyball, 8LXD, EV 104.4 MPH)
Bottom of the 3rd over - 0 runs, 0 hits, 0 errors, 0 left on base; Inland Empire 0 - Lake Elsinore 3
TOP OF THE 4TH
Inland Empire 66ers batting - Pitching for Lake Elsinore Storm : RHP Eric McDonald
Batting: RHB Manny Alfaro 0-0: Ball
1-0: Foul Ball, location: 5F
1-1: Foul Ball, location: 9LSF
1-2: Strikes out swinging
Batting: RHB José Martínez 0-0: Called Strike
0-1: Ground out 6-3 (Groundball, 6M, EV 107.5 MPH)
Batting: RHB Stan Ross 0-0: Called Strike
0-1: Foul Ball, location: 2F
0-2: DOUBLE (Line Drive, 78XD, EV 102.5 MPH)
Batting: LHB David Pérez 0-0: Ball
1-0: Called Strike
1-1: Swinging Strike
1-2: Ball
2-2: Ball
3-2: Strikes out swinging
Top of the 4th over - 0 runs, 1 hit, 0 errors, 1 left on base; Inland Empire 0 - Lake Elsinore 3
BOTTOM OF THE 4TH
Lake Elsinore Storm batting - Pitching for Inland Empire 66ers : LHP Raúl Castillo
Batting: LHB Charlie Fritz 0-0: Ball
1-0: Ball
2-0: Hit by Pitch
Batting: RHB Josh Thomas 0-0: Called Strike
Charlie Fritz is caught stealing 2nd base 2-4
0-1: Ball
1-1: SOLO HOME RUN (Flyball, 78XD, EV 108.1 MPH), Distance : 437 ft
Batting: RHB Stu Park 0-0: Called Strike
0-1: Foul Ball, location: 9LMF
0-2: Ball
1-2: Ball
2-2: Strikes out swinging
Batting: RHB Chris Nichols 0-0: Called Strike
0-1: Foul Ball, location: 3FF
0-2: Ground out 6-3 (Groundball, 6, EV 85.6 MPH)
Bottom of the 4th over - 1 run, 1 hit, 0 errors, 0 left on base; Inland Empire 0 - Lake Elsinore 4
TOP OF THE 5TH
Inland Empire 66ers batting - Pitching for Lake Elsinore Storm : RHP Eric McDonald
Batting: SHB Chad Mills 0-0: Ball
1-0: Called Strike
1-1: Called Strike
1-2: Foul Ball, location: 23F
1-2: Ball
2-2: Ball
3-2: DOUBLE (Line Drive, 78M, EV 94.4 MPH)
Batting: RHB Gil Wyatt 0-0: SINGLE (Line Drive, 89S, EV 106.3 MPH)
Chad Mills to third
Batting: LHB Cristián Reyes 0-0: Ball
1-0: Swinging Strike
1-1: Foul Ball, location: 2F
1-2: Strikes out swinging
Batting: RHB Chris Walker 0-0: Foul Ball, location: 5F
0-1: Ball
1-1: Swinging Strike
1-2: Ball
2-2: Ball
3-2: Strikes out swinging
Batting: LHB Sergio Aguilar 0-0: Foul Ball, location: 3SF
0-1: Ball
1-1: Ball
2-1: Ball
3-1: Base on Balls
Gil Wyatt to second
Batting: RHB Manny Alfaro 0-0: Ground out 5-3 (Groundball, 5S, EV 66.9 MPH)
Top of the 5th over - 0 runs, 2 hits, 0 errors, 3 left on base; Inland Empire 0 - Lake Elsinore 4
BOTTOM OF THE 5TH
Lake Elsinore Storm batting - Pitching for Inland Empire 66ers : LHP Raúl Castillo
Batting: RHB Renaud Cotichini 0-0: Ball
1-0: Ground out 6-3 (Groundball, 6, EV 103.8 MPH)
Batting: RHB Mike Picot 0-0: Called Strike
0-1: SINGLE (Groundball, 34D, EV 95.0 MPH)
Batting: SHB Max Bowers 0-0: Ball
1-0: SINGLE (Groundball, 6MD, EV 99.4 MPH)
Mike Picot to second
Runner from 2nd tries for 3rd, OUT! 8-5
Max Bowers to second
Pitching: RHP José Rivera
Batting: RHB Rod Roberts 0-0: Ball
1-0: Called Strike
1-1: Ball
2-1: Foul Ball, location: 9LDF
2-2: SINGLE (Line Drive, 9LM, EV 91.9 MPH)
Max Bowers to third
Runner from 3rd tries for Home, SAFE, no throw by RF
Batting: RHB Juan Sánchez 0-0: Fly out, F9 (Line Drive, 9D, EV 92.5 MPH)
Bottom of the 5th over - 1 run, 3 hits, 0 errors, 1 left on base; Inland Empire 0 - Lake Elsinore 5
TOP OF THE 6TH
Inland Empire 66ers batting - Pitching for Lake Elsinore Storm : RHP Eric McDonald
Batting: RHB José Martínez 0-0: Ball
1-0: Ball
2-0: Ball
3-0: Called Strike
3-1: Foul Ball, location: 2F
3-2: SINGLE (Line Drive, 7S, EV 104.4 MPH)
Batting: RHB Stan Ross 0-0: Called Strike
0-1: Fly out, F8 (Flyball, 8RD, EV 90.0 MPH)
Batting: LHB David Pérez 0-0: Ball
1-0: Grounds into double play, 4-6-3 (Groundball, 4M, EV 89.4 MPH)
Top of the 6th over - 0 runs, 1 hit, 0 errors, 0 left on base; Inland Empire 0 - Lake Elsinore 5
BOTTOM OF THE 6TH
Lake Elsinore Storm batting - Pitching for Inland Empire 66ers : RHP José Rivera
Batting: LHB Charlie Fritz 0-0: Ball
1-0: Ball
2-0: Foul Ball, location: 5SF
2-1: Ball
3-1: Base on Balls
Batting: RHB Josh Thomas 0-0: Ball
1-0: Ball
2-0: Ball
3-0: Called Strike
3-1: Foul Ball, location: 9LSF
3-2: Foul Ball, location: 7LDF
3-2: Foul Ball, location: 5F
3-2: Fly out, F8 (Flyball, 78D, EV 105.6 MPH)
Batting: RHB Stu Park 0-0: Ball
1-0: Ball
2-0: Ball
3-0: Base on Balls
Charlie Fritz to second
Batting: RHB Chris Nichols 0-0: Ground out 5-3 (Groundball, 56S, EV 66.3 MPH)
Charlie Fritz to third
Stu Park to second
Batting: RHB Renaud Cotichini 0-0: Ball
1-0: Ball
2-0: Ball
3-0: Called Strike
3-1: Fly out, F8 (Line Drive, 8LM, EV 100.6 MPH)
Bottom of the 6th over - 0 runs, 0 hits, 0 errors, 2 left on base; Inland Empire 0 - Lake Elsinore 5
TOP OF THE 7TH
Inland Empire 66ers batting - Pitching for Lake Elsinore Storm : RHP Eric McDonald
Batting: SHB Chad Mills 0-0: Called Strike
0-1: Ball
1-1: Called Strike
1-2: Foul Ball, location: 7LMF
1-2: Foul Ball, location: 23F
1-2: Ball
2-2: Fly out, F7 (Flyball, 7, EV 76.9 MPH)
Pitching: RHP Bob Wilhelm
Pinch Hitting: RHB Wilson Robles 0-0: Ball
1-0: Fly out, F8 (Flyball, 8LM, EV 92.5 MPH)
Batting: LHB Cristián Reyes 0-0: Ball
1-0: Ground out 6-3 (Groundball, 6, EV 108.8 MPH)
Top of the 7th over - 0 runs, 0 hits, 0 errors, 0 left on base; Inland Empire 0 - Lake Elsinore 5
BOTTOM OF THE 7TH
Lake Elsinore Storm batting - Pitching for Inland Empire 66ers : RHP José Rivera
Now at 2B: Eric Goodman
Batting: RHB Mike Picot 0-0: Called Strike
0-1: Ball
1-1: Called Strike
1-2: Ball
2-2: Foul Ball, location: 7LMFF
2-2: Strikes out swinging
Batting: SHB Max Bowers 0-0: Ball
1-0: Ball
2-0: Foul Ball, location: 9LDF
2-1: Called Strike
2-2: SINGLE (Groundball, 25, EV 67.5 MPH) (infield hit)
Batting: RHB Rod Roberts 0-0: Called Strike
Max Bowers steals 2nd base
0-1: Ball
1-1: Ball
2-1: Ball
3-1: Fly out, F9 (Flyball, 9S, EV 86.9 MPH)
Batting: RHB Juan Sánchez 0-0: Ball
1-0: Called Strike
1-1: SINGLE (Line Drive, 4MD, EV 96.9 MPH)
Max Bowers to third
Runner from 3rd tries for Home, SAFE, throw by CF to home
Batting: LHB Charlie Fritz 0-0: Ball
1-0: Called Strike
1-1: SINGLE (Groundball, 56D, EV 95.6 MPH)
Juan Sánchez to second
Batting: RHB Josh Thomas 0-0: Ball
1-0: Ball
Balk!
Juan Sánchez to third
Charlie Fritz to second
2-0: Foul Ball, location: 5F
2-1: Ball
3-1: Ground out 5-3 (Groundball, 56S, EV 92.5 MPH)
Bottom of the 7th over - 1 run, 3 hits, 0 errors, 2 left on base; Inland Empire 0 - Lake Elsinore 6
TOP OF THE 8TH
Inland Empire 66ers batting - Pitching for Lake Elsinore Storm : RHP Bob Wilhelm
Pinch Hitting: RHB Otojiro Kohara 0-0: Ball
1-0: Ball
2-0: Ball
3-0: Base on Balls
Batting: LHB Sergio Aguilar 0-0: Foul Ball, location: 7LMF
0-1: Foul Ball, location: 2F
0-2: Foul Ball, location: 5F
0-2: Fly out, F7 (Flyball, 78M, EV 90.6 MPH)
Batting: RHB Manny Alfaro 0-0: Swinging Strike
0-1: Ball
1-1: Foul Ball, location: 9LSF
1-2: Strikes out swinging
Batting: RHB José Martínez 0-0: Ball
1-0: Foul Ball, location: 2RF
1-1: Swinging Strike
1-2: TRIPLE (Flyball, 89XD, EV 98.8 MPH)
Otojiro Kohara scores
Batting: RHB Stan Ross 0-0: Called Strike
0-1: Ball
1-1: Ball
2-1: SINGLE (Line Drive, 78S, EV 88.8 MPH)
José Martínez scores
Batting: LHB David Pérez 0-0: Ball
1-0: Ball
2-0: SINGLE (Line Drive, 9S, EV 110.0 MPH)
Stan Ross to second
Batting: SHB Chad Mills 0-0: Ball
1-0: Called Strike
1-1: Ground out 4-3 (Groundball, 4, EV 86.9 MPH)
Top of the 8th over - 2 runs, 3 hits, 0 errors, 2 left on base; Inland Empire 2 - Lake Elsinore 6
BOTTOM OF THE 8TH
Lake Elsinore Storm batting - Pitching for Inland Empire 66ers : RHP José Rivera
Pitching: RHP Oliver Llanas
Now at 1B: Otojiro Kohara
Batting: RHB Stu Park 0-0: Swinging Strike
0-1: Foul Ball, location: 2F
0-2: Ball
1-2: Foul Ball, location: 3SF
1-2: Ball
2-2: DOUBLE (Groundball, 5L, EV 101.9 MPH)
Batting: RHB Chris Nichols 0-0: Bunted foul
0-1: Bunted foul
0-2: Foul Ball, location: 2RF
0-2: Ball
1-2: Ball
2-2: Ball
3-2: Ground out 6-3 (Groundball, 56, EV 107.5 MPH)
Batting: RHB Renaud Cotichini 0-0: Fly out, F8 (Line Drive, 89D, EV 93.8 MPH)
Batting: RHB Mike Picot 0-0: Ball
1-0: Swinging Strike
1-1: Ground out 4-3 (Groundball, 34, EV 94.4 MPH)
Bottom of the 8th over - 0 runs, 1 hit, 0 errors, 1 left on base; Inland Empire 2 - Lake Elsinore 6
TOP OF THE 9TH
Inland Empire 66ers batting - Pitching for Lake Elsinore Storm : RHP Bob Wilhelm
Batting: RHB Eric Goodman 0-0: Fly out, F8 (Flyball, 8LM, EV 82.5 MPH)
Pinch Hitting: RHB Juan Vidal 0-0: Ball
1-0: Ball
2-0: Ball
3-0: Called Strike
3-1: Base on Balls
Batting: RHB Otojiro Kohara 0-0: Swinging Strike
0-1: Fly out, F8 (Line Drive, 8RM, EV 91.3 MPH)
Batting: LHB Sergio Aguilar 0-0: Ball
1-0: Called Strike
1-1: Ball
2-1: Ball
3-1: Base on Balls
Juan Vidal to second
Pitching: LHP Jerry Travis
Batting: RHB Manny Alfaro 0-0: Ball
1-0: Ball
2-0: Called Strike
2-1: Called Strike
2-2: Ball
3-2: DOUBLE (Flyball, 8LXD, EV 95.6 MPH)
Juan Vidal scores
Sergio Aguilar to third
Sergio Aguilar scores
Batting: RHB José Martínez 0-0: Fly out, F4 (Popup, 34D, EV 47.5 MPH)
Top of the 9th over - 2 runs, 1 hit, 0 errors, 1 left on base; Inland Empire 4 - Lake Elsinore 6
Monday, April 1st , 2024 - OOTP Baseball 24.10 Build 82